 Dungeon Crawl Stone Soup version 0.23.2-1-ga50397a (webtiles) character file.

Game seed: 15007713765425056607

355928 sanboga the Executioner (level 22, 0/153 HPs)
             Began as a Gargoyle Berserker on Apr 23, 2019.
             Was the Champion of Trog.
             Slain by a frost giant
             ... wielding a +4 battleaxe of freezing
              (10 damage)
             ... on level 1 of the Depths.
             The game lasted 01:23:47 (41083 turns).

sanboga the Executioner (Gargoyle Berserker)       Turns: 41083, Time: 01:23:48

Health: 0/153      AC: 58    Str: 34      XL:     22   Next: 33%
Magic:  22/22      EV:  8    Int:  5 (10) God:    Trog [******]
Gold:   3084       SH:  0    Dex:  9      Spells: 21/21 levels left

rFire    + + .     SeeInvis .   P - +9 executioner's axe (chop)
rCold    + . .     Gourm    +   (shield currently unavailable)
rNeg     + + .     Faith    .   d - +7 gold dragon scales
rPois    ∞         Spirit   .   k - +0 helmet
rElec    +         Reflect  .   o - +0 cloak
rCorr    .         Harm     .   J - +2 pair of gloves "Gopt" {rF+ rN+}
MR       +....     Rnd*Tele +   L - +0 pair of boots
Stlth    ..........             O - amulet of the gourmand
HPRegen  0.35/turn              x - +2 ring of protection
MPRegen  0.18/turn              q - +5 ring of strength

@: berserk cooldown, flying
A: big wings, negative energy resistance 1, electricity resistance, teleportitis
1, unbreathing, petrification resistance, rot immunity, MP-powered wands, AC +16
}: 2/15 runes: decaying, gossamer
a: Stop Flying, Berserk, Trog's Hand, Brothers in Arms, Renounce Religion


You were on level 1 of the Depths.
You worshipped Trog.
Trog was exalted by your worship.
You were very full.

You visited 7 branches of the dungeon, and saw 37 of its levels.
You visited the Abyss 1 time.
You also visited: Ice Cave.

You collected 3553 gold pieces.
You spent 469 gold pieces at shops.

Inventory:

Hand Weapons
 I - a +4 executioner's axe of freezing
 N - a +2 battleaxe of flaming
 P - a +9 executioner's axe of chopping (weapon)
Armour
 d - +7 gold dragon scales (worn)
 k - a +0 helmet (worn)
 o - a +0 cloak (worn)
 J - the +2 pair of gloves "Gopt" (worn) {rF+ rN+}
   (You found it in an ice cave)

   It protects you from fire.
   It protects you from negative energy.
 L - a +0 pair of boots (worn)
Jewellery
 m - an uncursed ring of ice
 q - a +5 ring of strength (right hand)
 x - a +2 ring of protection (left hand)
 E - the ring of Kieps {+Fly rF+ Int+3}
   (You found it on level 6 of the Lair of Beasts)

   [ring of flight]

   It affects your intelligence (+3).
   It protects you from fire.
   It lets you fly.
 O - an amulet of the gourmand (around neck)
 T - an uncursed ring of ice
Wands
 b - a wand of acid (19)
 h - a wand of enslavement (8)
 i - a wand of clouds (3)
 j - a wand of iceblast (44)
 r - a wand of digging (9)
 s - a wand of polymorph (14)
 t - a wand of paralysis (16)
 B - a wand of scattershot (15)
 C - a wand of random effects (37)
 D - a wand of flame (70)
 M - a wand of disintegration (20)
Scrolls
 e - 3 scrolls of enchant armour
 f - 4 scrolls of identify
 g - 13 scrolls of remove curse
 p - 14 scrolls of teleportation
 u - 6 scrolls of fog
 y - 3 scrolls of fear
 z - 3 scrolls of magic mapping
 G - 2 scrolls of holy word
 H - 6 scrolls of blinking
Potions
 a - 5 potions of might
 l - 5 potions of mutation
 n - 4 potions of ambrosia
 v - a potion of haste
 w - 3 potions of resistance
 A - 6 potions of curing
Comestibles
 c - 75 rations
 F - 3 chunks of flesh


   Skills:
 + Level 20.5 Fighting
 * Level 23.5 Axes
 + Level 20.4 Armour
 - Level 1.5 Dodging


You had 21 spell levels left.
You didn't know any spells.
Your spell library was empty.

Dungeon Overview and Level Annotations

Branches:
Dungeon (15/15)            Temple (0/1) D:7            Lair (6/6) D:8
  Swamp (4/4) Lair:2       Spider (4/4) Lair:2        Slime (0/5) Lair:6
    Orc (2/2) D:12            Elf (0/3) Orc:2        Vaults (5/5) D:13
  Crypt (0/3) Vaults:3     Depths (1/5) D:15

Altars:
Cheibriados
Dithmenos
Hepliaklqana
Makhleb
Nemelex Xobeh
Trog
Uskayaw
Vehumet
Wu Jian
Zin
Beogh
Lugonu

Shops:
D:12 ?   D:13 [   Orc:2 (:=}

Portals:
Hell: Depths:1
Ziggurat: Depths:1
Trove: D:11 (give +2 storm dragon scales)


Innate Abilities, Weirdness & Mutations

You are resistant to torment.
Your stone body is resilient. (AC +16)
You are immune to poison.
Your large and strong wings let you fly indefinitely.
You resist negative energy. (rN+)
You are resistant to electric shocks. (rElec)
You can survive without breathing.
You are immune to petrification.
You are immune to rotting.
You are occasionally teleported next to monsters.
You expend magic power (3 MP) to strengthen your wands.


Message History

The wizard hits you but does no damage.
Items here: $$$ ( ) ? [ † You open the wizard like a pillowcase!!!
You kill the wizard!
Trog accepts your kill.
Trog appreciates your killing of a magic user.
You feel your intelligence returning.
You slice the frost giant!! The frost giant barely misses you.
You hit the frost giant.
The frost giant is moderately wounded.
The frost giant gestures at you while chanting.
The bolt of cold hits you!! You resist.
* * * LOW HITPOINT WARNING * * *
You feel better.
You feel yourself speed up. The frost giant casts a spell at you.
The bolt of cold hits you. You resist.
* * * LOW HITPOINT WARNING * * *
The frost giant hits you with a +4 battleaxe of freezing!
You die...

............∩.........
###+#####+#####'###.#....#
#.....# #...#.[##.#.###..#
#...%.####).#.#..##.# #.##
+..#..'.#(#.)#...#'.# #.##
#.....#()#####..#.#.# #(##
#.....#.()# #.##..#.###(##
###+#####)#####'###.##.(##
#.C@)$#.....#.#...##
#.$.$$#.###.#.#..(.#
#'$....'.#)#)+......#
..#.$.$.#.#.#.#....÷.#
#.##$$$.$#.#...#.......
#'# ###+#####'###.......
#. #..)#)#....#..
#.#.#.#.......
+.#.#.+......#


You could see a frost giant.

Vanquished Creatures
  Bai Suzhen (Swamp:3)
  A golden dragon (Depths:1)
  Arachne (Spider:2)
  A bone dragon (Abyss:5)
  Jorgrun (Orc:2)
  Rupert (Orc:2)
  2 sphinxes
  A tengu reaver (Depths:1)
  3 tentacled starspawn (Abyss:5)
  Kirke (Lair:5)
  Agnes (Spider:1)
  Donald (Spider:3)
  Roxanne (D:14)
  4 fire giants
  The ghost of Burzz the Severer, a journeyman HOFi of Beogh (Swamp:3)
  An iron dragon (Depths:1)
  6 ghost moths (Spider:4)
  16 vault wardens
  A ghoul (Vaults:2)
  4 emperor scorpions
  A deep elf elementalist (Depths:1)
  13 ironheart preservers
  2 entropy weavers
  13 very ugly things
  6 stone giants
  Nessos (Orc:2)
  A vampire knight (Vaults:3)
  20 slime creatures
  A dire elephant (Lair:5)
  Azrael (Spider:3)
  2 spark wasps (Spider:4)
  A deep elf annihilator (Vaults:1)
  3 ettins
  4 fire dragons
  A deep elf death mage (Vaults:1)
  2 yaktaur captains
  A jiangshi (Vaults:3)
  Erolcha (D:12)
  8 great orbs of eyes
  A great orb of eyes (shapeshifter) (D:15)
  An ice dragon (Depths:1)
  2 rakshasas (Vaults:1)
  21 vault guards
  5 centaur warriors
  15 hydras
  4 shambling mangroves
  An anaconda (shapeshifter) (Vaults:4)
  18 ogre magi
  9 alligators
  2 death knights
  3 deep troll earth magi
  A queen ant (Lair:1)
  2 catoblepae
  33 two-headed ogres
  3 deep troll shamans
  4 death yaks (Lair:6)
  5 tengu warriors
  A thrashing horror (Abyss:5)
  A vampire mage (Depths:1)
  2 spriggan berserkers (Depths:1)
  3 wretched stars (Abyss:5)
  A shadow wraith (Vaults:4)
  2 spriggan druids
  5 deep elf knights
  4 unseen horrors
  A sea snake (shapeshifter) (Vaults:5)
  8 skeletal warriors
  An iron troll (Depths:1)
  5 deep trolls
  3 glowing orange brains
  14 ironbrand convokers
  9 swamp dragons
  6 wizards
  3 deep elf archers
  A wolf spider zombie (Vaults:1)
  5 necromancers
  18 orc knights
  47 ugly things
  5 large abominations (Abyss:5)
  30 wolf spiders
  11 orb spiders
  5 cyclopes
  9 orc sorcerers
  A salamander (shapeshifter) (Vaults:1)
  A moth of wrath (Spider:3)
  Maurice (Orc:1)
  2 manticores
  9 deep elf magi
  A frost giant skeleton (Vaults:1)
  A tengu skeleton (Vaults:2)
  8 elephants
  6 black mambas
  Joseph (D:9)
  An apocalypse crab (Abyss:4)
  3 centaur zombies
  15 vault sentinels
  An ice statue (IceCv)
  4 torpor snails
  A gargoyle (D:15)
  A smoke demon (Abyss:5)
  31 spiny frogs
  5 human zombies
  A kobold demonologist (D:15)
  2 rime drakes (Swamp:4)
  An efreet (D:14)
  15 freezing wraiths
  42 yaktaurs
  5 komodo dragons
  9 demonic crawlers
  9 trolls
  An ancient zyme (Abyss:5)
  An entropy weaver simulacrum (Vaults:2)
  A meliai (shapeshifter) (D:15)
  A queen bee (shapeshifter) (Vaults:1)
  2 tengu conjurers
  22 hornets
  28 jumping spiders
  16 tyrant leeches
  A wind drake (shapeshifter) (Vaults:4)
  2 polar bears
  2 trolls (shapeshifter)
  A polar bear (shapeshifter) (Vaults:2)
  A harpy skeleton (D:13)
  23 blink frogs
  2 wolf spider simulacra (IceCv)
  2 meliai zombies
  3 dream sheep (Lair:4)
  5 bog bodies
  A hippogriff (shapeshifter) (Vaults:3)
  5 hippogriffs
  A stone giant simulacrum (Vaults:3)
  69 redbacks
  3 shadows
  2 humans (Lair:5)
  6 spriggans
  16 starcursed masses (Abyss:5)
  32 tarantellas
  3 wyverns
  3 fire elementals (Spider:3)
  42 yaks
  A hog (shapeshifter) (Vaults:2)
  3 basilisks
  2 wraiths
  2 hogs (Lair:5)
  2 neqoxecs (Abyss:5)
  A human simulacrum (Vaults:1)
  Grum (Lair:1)
  A yak (shapeshifter) (Vaults:2)
  3 hungry ghosts
  2 death yak simulacra (IceCv)
  4 insubstantial wisps
  25 vampire mosquitoes
  11 wargs
  14 swamp worms
  4 acid dragons
  A small abomination (Abyss:5)
  2 soldier ants
  7 porcupines
  5 water moccasins
  A deep troll skeleton (Vaults:2)
  A hell hound (Spider:3)
  A floating eye (shapeshifter) (Vaults:1)
  19 ice beasts
  5 sky beasts
  42 orc warriors
  11 swamp drakes
  3 black bears
  6 phantoms
  45 ogres
  A black bear (shapeshifter) (D:15)
  3 eyes of draining
  A necrophage (D:14)
  10 centaurs
  6 boggarts (Vaults:1)
  3 wolves (Lair:1)
  5 crocodiles
  3 big kobolds
  30 bullfrogs
  2 human skeletons (Vaults:2)
  A wyvern skeleton (D:11)
  8 scorpions
  An elf simulacrum (Vaults:1)
  11 killer bees (D:7)
  7 howler monkeys
  6 wights
  An electric eel (Lair:6)
  7 crimson imps
  4 quasits
  4 bullfrog zombies
  5 draconian simulacra (IceCv)
  8 hounds
  9 jellies
  27 orc priests
  2 bullfrog skeletons (D:6)
  3 centaur skeletons
  57 orc wizards
  Jessica (D:3)
  2 iguanas
  Natasha (thrice) (D:2)
  A spriggan simulacrum (IceCv)
  6 worker ants
  4 troll simulacra (IceCv)
  2 centaur simulacra (IceCv)
  2 hound skeletons
  2 worker ant zombies
  Robin (D:2)
  A howler monkey skeleton (D:11)
  12 adders
  4 gnolls (Orc:2)
  6 ogre simulacra
  3 naga simulacra (IceCv)
  3 shadow imps
  12 white imps (IceCv)
  5 oozes
  7 worms
  2 dart slugs
  5 leopard geckos
  140 orcs
  A ball python (D:4)
  3 giant cockroaches
  17 goblins
  8 hobgoblins
  9 jackals
  21 kobolds
  8 quokkas
  A ball python zombie (D:6)
  8 bats
  6 frilled lizards
  A jackal zombie (D:5)
  2 leopard gecko skeletons
  A quokka skeleton (D:8)
  7 rats
  4 briar patches (Swamp:1)
  3 fungi
  7 plants
  4 starspawn tentacles (Abyss:5)
1720 creatures vanquished.

Vanquished Creatures (collateral kills)
  Xtahua (Vaults:2)
  A thorn hunter (Swamp:1)
  A great orb of eyes (Vaults:2)
  A rakshasa (Depths:1)
  An ogre mage (Depths:1)
  4 oklob plants
  2 wolf spiders (Spider:4)
  2 orb spiders (Spider:4)
  2 spiny frogs (Lair:5)
  A polar bear (Lair:3)
  3 redbacks (Spider:4)
  A tarantella (Spider:4)
  2 swamp worms (Swamp:1)
  A porcupine (Lair:3)
  A jelly (D:13)
  A bush (Lair:5)
  A plant (Lair:3)
26 creatures vanquished.

Vanquished Creatures (others)
  An ogre mage (Vaults:4)
  A black mamba (shapeshifter) (D:15)
  A rime drake (Swamp:4)
  A vampire (D:14)
  A warg (Orc:2)
  An orc warrior (Orc:2)
  An ogre (Vaults:4)
  4 orc wizards (Orc:2)
  A briar patch (Swamp:1)
  2 fungi (Lair:6)
  19 plants
  8 starspawn tentacles (Abyss:5)
41 creatures vanquished.

Grand Total: 1787 creatures vanquished

Notes
Turn   | Place    | Note
-------+----------+-------------------------------------------
     0 | D:1      | sanboga the Gargoyle Berserker began the quest for the Orb.
     0 | D:1      | Reached XP level 1. HP: 14/14 MP: 1/1
   240 | D:1      | Reached skill level 3 in Axes
   240 | D:1      | Reached XP level 2. HP: 17/19 MP: 2/2
   687 | D:1      | Reached XP level 3. HP: 23/23 MP: 3/3
   839 | D:2      | Noticed Robin
   847 | D:2      | Reached ** piety under Trog
   854 | D:2      | Killed Robin
   857 | D:2      | Reached XP level 4. HP: 29/29 MP: 4/4
   954 | D:2      | Noticed Natasha
   965 | D:2      | Killed Natasha
   983 | D:2      | Found a shadowy altar of Dithmenos.
  1124 | D:2      | Found a burning altar of Makhleb.
  1139 | D:2      | Reached skill level 4 in Axes
  1139 | D:2      | Reached XP level 5. HP: 29/33 MP: 5/5
  1260 | D:2      | Noticed Natasha
  1272 | D:2      | Killed Natasha
  1359 | D:2      | Noticed Natasha
  1368 | D:2      | Killed Natasha
  1634 | D:3      | Reached *** piety under Trog
  1634 | D:3      | Reached XP level 6. HP: 31/39 MP: 6/6
  2095 | D:3      | Found a hazy altar of Hepliaklqana.
  2274 | D:3      | Noticed Jessica
  2283 | D:3      | Killed Jessica
  2283 | D:3      | Reached skill level 5 in Axes
  2736 | D:4      | Reached **** piety under Trog
  2773 | D:4      | Reached skill level 5 in Fighting
  2803 | D:4      | Reached XP level 7. HP: 36/44 MP: 4/7
  3009 | D:4      | Found a hide-covered altar of Uskayaw.
  3559 | D:4      | Reached skill level 6 in Axes
  3571 | D:5      | Entered Level 5 of the Dungeon
  3666 | D:5      | Reached skill level 5 in Armour
  3699 | D:5      | Reached XP level 8. HP: 51/51 MP: 8/8
  3800 | D:5      | You fall through a shaft!
  4052 | D:6      | Reached skill level 7 in Axes
  4397 | D:6      | Reached ***** piety under Trog
  4499 | D:6      | Reached XP level 9. HP: 56/56 MP: 9/9
  4552 | D:6      | Reached skill level 8 in Axes
  4699 | D:6      | Found a sparkling altar of Nemelex Xobeh.
  4709 | D:6      | Found a glowing silver altar of Zin.
  4763 | D:6      | Found a snail-covered altar of Cheibriados.
  4768 | D:6      | Found a hazy altar of Hepliaklqana.
  4915 | D:7      | Found a staircase to the Ecumenical Temple.
  4993 | D:7      | Found a sparkling altar of Nemelex Xobeh.
  5293 | D:7      | Received a gift from Trog
  5670 | D:7      | Reached skill level 9 in Axes
  5991 | D:8      | Reached XP level 10. HP: 52/64 MP: 10/10
  6024 | D:8      | Found a staircase to the Lair.
  6097 | D:8      | Noticed a two-headed ogre
  6106 | D:8      | Killed a two-headed ogre
  6110 | D:8      | Reached skill level 10 in Axes
  6531 | D:9      | Noticed Joseph
  6555 | D:9      | Killed Joseph
  6989 | D:9      | Received a gift from Trog
  7024 | D:9      | Gained mutation: You are robust. (+10% HP) [potion of
                  | mutation]
  7024 | D:9      | Gained mutation: You expend magic power (3 MP) to
                  | strengthen your wands. [potion of mutation]
  7024 | D:9      | HP: 5/108 [troll (6)]
  7030 | D:9      | Reached XP level 11. HP: 18/78 MP: 11/11
  7033 | D:9      | Reached skill level 11 in Axes
  7043 | D:9      | HP: 2/79 [something (7)]
  7620 | D:9      | Found a bloodstained altar of Trog.
  7823 | D:9      | Found a shadowy altar of Dithmenos.
  7823 | D:9      | Found a radiant altar of Vehumet.
  7977 | D:10     | Entered Level 10 of the Dungeon
  8363 | D:10     | Reached skill level 10 in Fighting
  8910 | D:11     | Noticed a green ugly thing
  8928 | D:11     | Killed a green ugly thing
  9032 | D:11     | Found a portal to a secret trove of treasure.
  9452 | D:12     | Noticed Erolcha
  9452 | D:12     | Noticed a purple ugly thing
  9561 | Lair:1   | Entered Level 1 of the Lair of Beasts
  9596 | Lair:1   | Reached skill level 10 in Armour
  9635 | Lair:1   | Received a gift from Trog
  9940 | Lair:1   | Reached skill level 12 in Axes
  9974 | Lair:1   | Got a dazzling battleaxe
  9975 | Lair:1   | Identified the cursed +1 battleaxe of the Immovable Wonders
                  | {chop, MR+ Dex+4} (You found it on level 1 of the Lair of
                  | Beasts)
 10053 | Lair:1   | Noticed Grum
 10069 | Lair:1   | Killed Grum
 10372 | Lair:1   | Noticed a fire dragon
 10373 | Lair:1   | Noticed a queen ant
 10373 | Lair:1   | a fire dragon changed into a queen ant
 10394 | Lair:1   | Killed a queen ant
 10394 | Lair:1   | Reached XP level 12. HP: 65/86 MP: 9/12
 10807 | Lair:2   | Found a staircase to the Swamp.
 11231 | Lair:2   | Found a hole to the Spider Nest.
 11920 | Lair:3   | Noticed an eight-headed hydra
 11934 | Lair:3   | Killed a 14-headed hydra
 11934 | Lair:3   | Reached skill level 13 in Axes
 12392 | Lair:4   | Got a steaming chain mail
 12403 | Lair:4   | Identified the cursed +0 chain mail of Iwueruw {rC+ Int+6
                  | Stlth-} (You found it on level 4 of the Lair of Beasts)
 12608 | Lair:4   | You fall through a shaft for 2 floors!
 12608 | Lair:6   | Entered Level 6 of the Lair of Beasts
 12696 | Lair:6   | Reached XP level 13. HP: 52/94 MP: 13/13
 12751 | Lair:6   | Reached skill level 14 in Axes
 12879 | Lair:6   | Received a gift from Trog
 13679 | Lair:5   | Noticed Kirke
 13694 | Lair:5   | Killed Kirke
 14004 | Lair:5   | Noticed a dire elephant
 14019 | Lair:5   | Killed a dire elephant
 14021 | Lair:5   | Reached skill level 15 in Axes
 14034 | Lair:5   | Got a turquoise-encrusted chain mail
 14045 | Lair:5   | Identified the cursed +1 chain mail of Love and Death
                  | {rElec Int+2 Dex-3} (You found it on level 5 of the Lair of
                  | Beasts)
 14522 | Lair:6   | Found a staircase to the Slime Pits.
 14618 | Lair:6   | Gained mutation: Your large and strong wings let you fly
                  | indefinitely. [Gargoyle growth]
 14618 | Lair:6   | Reached XP level 14. HP: 103/103 MP: 14/14
 14641 | Lair:6   | Received a gift from Trog
 14911 | Lair:6   | Got a heavily runed golden ring
 14924 | Lair:6   | Identified the ring of Kieps {+Fly rF+ Int+3} (You found it
                  | on level 6 of the Lair of Beasts)
 14929 | Lair:6   | Got a transparent chain mail
 14941 | Lair:6   | Identified the +6 chain mail of Duty {Int+7} (You found it
                  | on level 6 of the Lair of Beasts)
 15729 | D:12     | Killed Erolcha
 15843 | D:12     | Found Fonk's Magic Scroll Shop.
 15846 | D:12     | Bought a scroll of holy word for 90 gold pieces
 15846 | D:12     | Bought a scroll of enchant weapon for 90 gold pieces
 15846 | D:12     | Bought a scroll of magic mapping for 42 gold pieces
 15846 | D:12     | Bought a scroll of blinking for 90 gold pieces
 15906 | D:12     | Found a staircase to the Orcish Mines.
 16068 | Orc:1    | Entered Level 1 of the Orcish Mines
 16086 | Orc:1    | Reached ****** piety under Trog
 16111 | Orc:1    | Received a gift from Trog
 16299 | Orc:2    | Entered Level 2 of the Orcish Mines
 16302 | Orc:2    | Noticed Nessos
 16567 | Orc:2    | Killed Nessos
 16741 | Orc:2    | Noticed Jorgrun
 16753 | Orc:2    | Killed Jorgrun
 16754 | Orc:2    | Reached skill level 16 in Axes
 16875 | Orc:1    | Received a gift from Trog
 17057 | Orc:2    | Noticed Rupert
 17058 | Orc:2    | Paralysed by Rupert for 3 turns
 17081 | Orc:2    | Killed Rupert
 17224 | Orc:2    | Found Qutt's Book Shoppe.
 17266 | Orc:2    | Found Temysonn's Weapon Shop.
 17273 | Orc:2    | Reached XP level 15. HP: 110/110 MP: 15/15
 17299 | Orc:2    | Found a roughly hewn altar of Beogh.
 17324 | Orc:2    | Found Dicaic's Jewellery Shop.
 17324 | Orc:2    | Found Hinonoli's Gadget Shoppe.
 17334 | Orc:2    | Received a gift from Trog
 17471 | Orc:2    | Found a staircase to the Elven Halls.
 17510 | Orc:2    | Noticed Sonja
 17511 | Orc:2    | Noticed Sonja
 17511 | Orc:2    | Sonja changed into Sonja the tengu
 17513 | Orc:2    | Noticed Sonja
 17513 | Orc:2    | Sonja the tengu changed into Sonja the porcupine
 17519 | Orc:2    | Killed Sonja the porcupine
 17811 | Orc:1    | Noticed Maurice
 17851 | Orc:1    | Found a roughly hewn altar of Beogh.
 17935 | Orc:1    | Killed Maurice
 18083 | D:13     | Paralysed by fainting for 7 turns
 18259 | D:13     | Found Agrob's Antique Armour Shop.
 18277 | D:13     | Bought a pair of boots for 157 gold pieces
 18419 | D:13     | Found a gate to the Vaults.
 18707 | D:14     | Found a corrupted altar of Lugonu.
 18877 | D:14     | Received a gift from Trog
 18924 | D:14     | Reached skill level 17 in Axes
 18942 | D:14     | Noticed Roxanne
 19374 | D:14     | Killed Roxanne
 19598 | D:15     | Entered Level 15 of the Dungeon
 19604 | D:15     | Found a frozen archway.
 19634 | IceCv    | Entered an ice cave
 19702 | IceCv    | Reached skill level 15 in Fighting
 19999 | IceCv    | Received a gift from Trog
 20020 | IceCv    | Identified the +5 war axe of Equivalence {speed, Dex+2}
                  | (Trog gifted it to you in an ice cave)
 20041 | IceCv    | Got a pair of jewelled gloves
 20052 | IceCv    | Identified the +2 pair of gloves "Gopt" {rF+ rN+} (You
                  | found it in an ice cave)
 20106 | IceCv    | Found an ancient bone altar of Kikubaaqudgha.
 20339 | D:15     | Reached skill level 15 in Armour
 20345 | D:15     | Reached XP level 16. HP: 101/118 MP: 16/16
 20499 | D:15     | Received a gift from Trog
 20603 | D:15     | Found a staircase to the Depths.
 20679 | D:15     | Found an ornate altar of the Wu Jian Council.
 21216 | Swamp:1  | Entered Level 1 of the Swamp
 21262 | Swamp:1  | Noticed a thorn hunter
 21277 | Swamp:1  | Killed a thorn hunter
 21895 | Swamp:1  | Reached skill level 18 in Axes
 22879 | Swamp:2  | Received a gift from Trog
 23887 | Swamp:3  | Found a transporter.
 23891 | Swamp:3  | Noticed Burzz's ghost (journeyman HOFi)
 23924 | Swamp:3  | Found a transporter.
 24098 | Swamp:3  | Killed Burzz's ghost
 24266 | Swamp:3  | Received a gift from Trog
 24603 | Swamp:4  | Entered Level 4 of the Swamp
 24603 | Swamp:4  | Noticed Bai Suzhen
 24626 | Swamp:3  | Killed Bai Suzhen
 24626 | Swamp:3  | Reached XP level 17. HP: 126/126 MP: 17/17
 25340 | Swamp:4  | Reached skill level 19 in Axes
 25452 | Swamp:4  | Got a decaying rune of Zot
 25644 | Spider:1 | Entered Level 1 of the Spider Nest
 25945 | Spider:1 | Received a gift from Trog
 26184 | Spider:1 | Noticed Agnes
 26201 | Spider:1 | Killed Agnes
 27440 | Spider:2 | Noticed Arachne
 27450 | Spider:2 | Killed Arachne
 28832 | Spider:3 | Reached XP level 18. HP: 129/135 MP: 18/18
 29272 | Spider:3 | Noticed Azrael
 29280 | Spider:3 | Killed Azrael
 29282 | Spider:3 | Noticed Donald
 29282 | Spider:3 | Received a gift from Trog
 29294 | Spider:3 | Killed Donald
 29764 | Spider:4 | Entered Level 4 of the Spider Nest
 30113 | Spider:4 | Reached skill level 20 in Axes
 30118 | Spider:4 | Received a gift from Trog
 30905 | Spider:4 | Got a gossamer rune of Zot
 31877 | Depths:1 | Entered Level 1 of the Depths
 32351 | Vaults:1 | Entered Level 1 of the Vaults
 32368 | Vaults:1 | Reached XP level 19. HP: 143/143 MP: 19/19
 32410 | Vaults:1 | Received a gift from Trog
 32997 | Vaults:1 | Reached skill level 21 in Axes
 33098 | Vaults:1 | Received a gift from Trog
 33811 | Vaults:1 | Received a gift from Trog
 33917 | Vaults:1 | Reached XP level 20. HP: 123/150 MP: 20/20
 33926 | Vaults:1 | Paralysed by a floating eye for 2 turns
 34701 | Vaults:2 | Noticed Xtahua
 34714 | Vaults:2 | Killed Xtahua
 35207 | Vaults:2 | Received a gift from Trog
 36121 | Vaults:3 | Reached skill level 22 in Axes
 36350 | Vaults:3 | Received a gift from Trog
 37032 | Vaults:3 | Reached XP level 21. HP: 155/158 MP: 21/21
 37163 | Vaults:3 | Found a staircase to the Crypt.
 37218 | Vaults:3 | Cast into level 3 of the Abyss (ironheart preserver)
 37347 | Abyss:5  | Entered Level 5 of the Abyss
 37347 | Abyss:5  | Entered Level 5 of the Abyss
 37352 | Abyss:5  | Received a gift from Trog
 37368 | Abyss:5  | Noticed a bone dragon
 37450 | Abyss:5  | Gained mutation: You are occasionally teleported next to
                  | monsters. [a neqoxec]
 37467 | Abyss:5  | Noticed a bone dragon
 37478 | Abyss:5  | Killed a bone dragon
 37500 | Abyss:5  | Lost mutation: You are robust. (+10% HP) [a neqoxec]
 37551 | Vaults:3 | Escaped the Abyss
 38029 | Vaults:4 | Received a gift from Trog
 38973 | Vaults:4 | Identified the cursed +0 battleaxe "Gafiq" {chop, -Tele rC+
                  | Str+4} (You found it on level 4 of the Vaults)
 39526 | Vaults:4 | Received a gift from Trog
 39532 | Vaults:4 | Reached skill level 23 in Axes
 39778 | Vaults:5 | Entered Level 5 of the Vaults
 40415 | Depths:1 | Noticed a golden dragon
 40416 | Depths:1 | Found a gateway to a ziggurat.
 40424 | Depths:1 | Killed a golden dragon
 40431 | Depths:1 | Reached XP level 22. HP: 66/152 MP: 14/22
 40882 | Depths:1 | Found a gateway to Hell.
 40974 | Depths:1 | Identified the +8 long sword of the Desolation of Salt
                  | {slice, *Noise rF+ Dex+2 SInv}
 40991 | Depths:1 | Received a gift from Trog
 41082 | Depths:1 | HP: 4/153 [frost giant/bolt of cold (20)]
 41083 | Depths:1 | Slain by a frost giant

Skill      XL: |  1  2  3  4  5  6  7  8  9 10 11 12 13 14 15 16 17 18 19 20 21 |
---------------+----------------------------------------------------------------+-----
Axes           | 3 4 5 6 7 9 10 12 13 15 16 17 18 19 20 21 22 23 | 23.5
Fighting       | 4 5 6 8 9 10 12 13 14 15 16 17 18 19 20 | 20.5
Armour         | 3 4 5 6 7 9 10 11 12 14 15 16 17 18 19 20 | 20.4
Dodging        | |  1.5

Action                   |  1- 3 |  4- 6 |  7- 9 | 10-12 | 13-15 | 16-18 | 19-21 | 22-24 || total
-------------------------+-------+-------+-------+-------+-------+-------+-------+-------++-------
Melee: Hand axe          |    81 |   135 |       |       |       |       |       |       ||   216
       War axe           |       |   158 |   487 |   491 |       |    61 |       |       ||  1197
       Battleaxe         |       |       |    23 |   194 |  1158 |   164 |       |       ||  1539
       Executioner's axe |       |       |       |       |       |   985 |   914 |   106 ||  2005
Invok: Berserk           |     1 |       |     3 |     3 |     7 |     8 |     8 |     1 ||    31
       Brothers in Arms  |       |       |       |     1 |     1 |     3 |     1 |       ||     6
 Abil: Evoke Flight      |       |       |       |     2 |       |       |       |       ||     2
       Fly               |       |       |       |       |     1 |       |       |       ||     1
Evoke: Wand              |       |       |       |     4 |     4 |     9 |     5 |       ||    22
  Use: Scroll            |     3 |     5 |     7 |    12 |    11 |    11 |     6 |     8 ||    63
       Potion            |       |       |       |     8 |     2 |     7 |     2 |     3 ||    22
 Stab: Invisible         |       |       |       |     1 |       |       |       |       ||     1
       Distracted        |       |       |       |       |     1 |     1 |       |       ||     2
       Confused          |       |       |       |       |       |     2 |       |       ||     2
  Eat: Chunk             |       |     8 |    14 |    20 |    30 |    34 |    35 |     5 ||   146
       Ration            |       |       |       |     2 |     2 |     6 |       |       ||    10
Armor: Animal skin       |    24 |       |       |       |       |       |       |       ||    24
       Scale mail        |    12 |    94 |       |       |       |       |       |       ||   106
       Chain mail        |       |    98 |   603 |   200 |   838 |  1191 |       |       ||  2930
       Skin              |       |       |       |    57 |       |       |       |       ||    57
       Plate armour      |       |       |       |   471 |   335 |   566 |   863 |     7 ||  2242
       Gold dragon scale |       |       |       |       |       |       |       |   145 ||   145
Dodge: Dodged            |    66 |   187 |   320 |   277 |   563 |   803 |   331 |    42 ||  2589
